 Dungeon Crawl Stone Soup version 0.28.0-62-gf88900778d (webtiles) character file.

Game seed: 15193331660009332993

4134 cbfl8 the Spear-Bearer (level 10, -14/79 HPs)
             Began as a Merfolk Berserker on June 28, 2023.
             Was a Priest of Trog.
             Demolished by a red devil
             ... wielding a +0 trident
             ... summoned by a kobold demonologist
              (17 damage)
             ... on level 9 of the Dungeon.
             The game lasted 00:09:59 (10747 turns).

cbfl8 the Spear-Bearer (Merfolk Berserker)         Turns: 10747, Time: 00:10:00

Health: -14/79     AC: 10    Str: 18    XL:     10   Next: 27%
Magic:  10/10      EV: 12    Int:  7    God:    Trog [***...]
Gold:   1404       SH:  4    Dex: 17    Spells: 9/9 levels left

rFire   + . .      SeeInvis .   a - +0 spear (vorpal)
rCold   . . .      Faith    .   y - +0 buckler
rNeg    . . .      Spirit   .   C - +0 scale mail
rPois   .          Reflect  .   (no helmet)
rElec   .          Harm     .   (no cloak)
rCorr   .          Rampage  .   j - +2 pair of gloves
Will    ++...                   (no boots)
Stlth   +.........              (no amulet)
HPRegen 1.23/turn               F - ring of flight
MPRegen 0.12/turn               b - ring of protection from fire

@: about to teleport, strong-willed, spiked, on berserk cooldown, flying,
regenerating, slowed, very slow
A: (nimble swimmer 2), mertail
a: Renounce Religion, Berserk, Trog's Hand


You were on level 9 of the Dungeon.
You worshipped Trog.
Trog was most pleased with you.
You visited 1 branch of the dungeon, and saw 9 of its levels.
You also visited: Ossuary.

You collected 1404 gold pieces.

Inventory:

Hand Weapons
 a - a +0 vorpal spear (weapon)
Armour
 j - a +2 pair of gloves (worn)
 y - a +0 buckler (worn)
 C - a +0 scale mail (worn)
Jewellery
 b - a ring of protection from fire (right hand)
 F - a ring of flight (left hand)
Wands
 u - a wand of paralysis (11)
 v - a wand of flame (32)
 E - a wand of acid (5) (quivered)
Scrolls
 d - 4 scrolls of teleportation
 e - a scroll of blinking {unknown}
 g - a scroll of silence
 o - a scroll of immolation
 p - 3 scrolls of noise
 r - a scroll of fog
 w - a scroll of enchant armour
 B - 2 scrolls of enchant weapon {unknown}
 D - 3 scrolls of amnesia {unknown}
Potions
 c - 3 potions of magic {unknown}
 f - a potion of attraction
 h - a potion of brilliance {unknown}
 i - a potion of degeneration {unknown}
 k - a potion of might {unknown}
 l - 4 potions of heal wounds {unknown}
 m - 2 potions of flight {unknown}
 n - 2 potions of ambrosia {unknown}
 q - a potion of berserk rage {unknown}
 s - 3 potions of resistance
 t - a potion of lignification {unknown}
 x - a potion of mutation {unknown}
 z - 2 potions of cancellation {unknown}
 A - 2 potions of curing


   Skills:
 + Level 7.3 Fighting
 + Level 12.7 Polearms
 + Level 4.4 Armour
 + Level 6.4 Dodging
 + Level 3.8 Stealth
 + Level 0.2 Shields
 * Level 6.2 Evocations


You had 9 spell levels left.
You didn't know any spells.
Your spell library was empty.

Dungeon Overview and Level Annotations

Branches:
Dungeon (9/15)             Temple (0/1) D:6             Orc (0/2) D:9
Ossuary (visited)
   Lair: D:8-11

Altars:
Ashenzari
Hepliaklqana
Vehumet


Innate Abilities, Weirdness & Mutations

((You are very nimble when in or above water. (Stealth+, EV+, Speed+++)))
Your lower body shifts to a powerful aquatic tail in water.


Message History

You hit the yak.
You kill the yak!
Trog accepts your kill. The yak misses you.
Unknown command.
The yak closely misses you.
You see here a yak corpse.
You feel a strong urge to attack something.
You are no longer berserk.
You are exhausted.
You feel yourself slow down.
As you read the scroll of teleportation, it crumbles to dust.
You feel strangely unstable. The yak gores you.
Unknown command.
Your skin crawls.
You feel strong-willed. The yak closely misses you.
The kobold demonologist miscasts a cantrip.
The yak gores you but does no damage. The red devil misses you.
The yak gores you! The yak closely misses you. The yak completely misses you.
Unknown command.
Aiming: Corrosive Bolt
Press: ? - help, Q - select action, (/) - cycle Shift-Dir - straight line, f - kobold demonologist
Aim: a kobold demonologist, wielding a +0 dagger and wearing a +0 robe (unusually resistant, 64% to hit)
The bolt of acid hits the yak!!
The acid corrodes the yak!
The yak is severely wounded.
The bolt of acid hits the kobold demonologist.
The kobold demonologist is lightly wounded.
The red devil hits you from afar with a +0 trident!
* * * LOW HITPOINT WARNING * * *
Barbed spikes become lodged in your body.
The yak gores you.
* * * LOW HITPOINT WARNING * * *
The yak gores you.
* * * LOW HITPOINT WARNING * * *
The yak gores you.
* * * LOW HITPOINT WARNING * * *
The kobold demonologist miscasts a cantrip.
The red devil hits you from afar with a +0 trident!
You die...

#######.#
>.......#
........#
........#
........#
........#
.....4KY#
......YY#
......Y@#
#########


You could see a kobold demonologist (resistant), 4 yaks and a red devil
(summoned).

Vanquished Creatures
  Maggie (D:8)
  A troll (D:9)
  A hornet (D:8)
  5 yaks
  2 steam dragons
  2 water moccasins
  4 orc warriors
  2 black bears
  2 ogres
  2 centaurs
  A phantom (D:7)
  A kobold brigand (D:8)
  2 bullfrogs
  2 scorpions (D:6)
  A wyvern skeleton (D:7)
  3 electric eels (D:8)
  A lava snake (D:7)
  4 centaur zombies
  2 bullfrog zombies
  2 human zombies (Ossuary)
  A jelly (D:6)
  4 orc priests
  2 bullfrog skeletons
  2 iguanas
  2 orc wizards
  A hound zombie (Ossuary)
  A hound skeleton (D:2)
  4 mummies (Ossuary)
  7 adders
  3 gnolls (D:4)
  A shadow imp (D:6)
  2 white imps
  A worm (D:4)
  5 dart slugs
  16 orcs
  3 bats
  6 endoplasms
  5 giant cockroaches
  4 goblins
  9 hobgoblins
  12 kobolds
  A quokka (D:2)
  3 ball pythons
  6 frilled lizards
  A goblin zombie (Ossuary)
  3 hobgoblin zombies (Ossuary)
  A jackal zombie (Ossuary)
  2 kobold zombies (Ossuary)
  2 orc zombies (Ossuary)
  2 rats (D:1)
153 creatures vanquished.

Vanquished Creatures (others)
  34 plants (D:8)
34 creatures vanquished.

Grand Total: 187 creatures vanquished

Notes
Turn   | Place    | Note
-------+----------+-------------------------------------------
     0 | D:1      | cbfl8 the Merfolk Berserker began the quest for the Orb.
     0 | D:1      | Reached XP level 1. HP: 18/18 MP: 1/1
   179 | D:1      | Reached XP level 2. HP: 17/24 MP: 2/2
   855 | D:1      | Reached skill level 1 in Evocations
   858 | D:1      | Reached skill level 5 in Polearms
   858 | D:1      | Reached XP level 3. HP: 16/29 MP: 3/3
  1584 | D:2      | Reached ** piety under Trog
  1597 | D:2      | Reached XP level 4. HP: 23/37 MP: 4/4
  1868 | D:2      | You fall into a shaft and drop 1 floor!
  2134 | D:2      | Reached skill level 1 in Stealth
  2388 | D:3      | Reached skill level 6 in Polearms
  2388 | D:3      | Reached XP level 5. HP: 42/42 MP: 5/5
  2829 | D:3      | Found a faded altar of an unknown god.
  3124 | D:4      | Found a sand-covered staircase.
  3130 | Ossuary  | Entered an ossuary
  3159 | Ossuary  | Reached XP level 6. HP: 20/48 MP: 6/6
  3161 | Ossuary  | Reached *** piety under Trog
  3176 | Ossuary  | HP: 1/48 [mummy (17)]
  3807 | Ossuary  | Reached skill level 7 in Polearms
  4167 | D:4      | Noticed a black bear
  4178 | D:4      | Killed a black bear
  4179 | D:4      | Reached XP level 7. HP: 55/55 MP: 7/7
  4750 | D:5      | Entered Level 5 of the Dungeon
  4766 | D:5      | Found a radiant altar of Vehumet.
  4776 | D:5      | Reached skill level 8 in Polearms
  4848 | D:5      | Noticed a yak
  4853 | D:5      | Noticed a yak
  4862 | D:5      | Noticed a yak
  4863 | D:5      | Killed a yak
  4864 | D:5      | Reached skill level 5 in Fighting
  4875 | D:5      | Killed a yak
  4876 | D:5      | Reached skill level 9 in Polearms
  4876 | D:5      | Reached skill level 5 in Dodging
  4876 | D:5      | Reached XP level 8. HP: 57/62 MP: 8/8
  4885 | D:5      | Killed a yak
  5359 | D:5      | Reached skill level 10 in Polearms
  6835 | D:6      | Reached XP level 9. HP: 63/69 MP: 9/9
  6877 | D:6      | Found a staircase to the Ecumenical Temple.
  7241 | D:6      | Identified a scroll of acquirement
  7241 | D:6      | Acquired 912 gold pieces
  7558 | D:7      | Reached skill level 11 in Polearms
  7558 | D:7      | Reached skill level 5 in Evocations
  7705 | D:7      | Found a broken altar of Ashenzari.
  8850 | D:8      | Noticed a hornet
  9291 | D:8      | Killed a hornet
  9306 | D:8      | Reached skill level 12 in Polearms
  9554 | D:8      | Found a hazy altar of Hepliaklqana.
  9614 | D:8      | Noticed Maggie
  9628 | D:8      | Killed Maggie
  9943 | D:9      | Noticed a troll
  9955 | D:9      | Killed a troll
  9956 | D:9      | Reached XP level 10. HP: 79/79 MP: 10/10
 10121 | D:9      | Found a staircase to the Orcish Mines.
 10720 | D:9      | Noticed a kobold demonologist
 10747 | D:9      | HP: 3/79 [yak (3)]
 10747 | D:9      | Demolished by a red devil

Illustrated notes

Levels and vault maps discovered:
D:1:      nagdon_arrival_double_spiral, layout_rooms
D:2:      layout_basic
D:3:      layout_rooms, hellmonk_ecumenical_altar_run_dry
D:4:      layout_basic, lightli_ossuary_entry_decrepit_ruins,
          hangedman_decor_opposing
D:5:      layout_basic, vehumet_altar_wand_db
D:6:      layout_loops_ring, minmay_temple_entry_ruins, minivault_5
D:7:      layout_rooms, nicolae_ashenzari_panopticon, minmay_misc_feat_ornament,
          nicolae_lava_and_water
D:8:      layout_rooms, mainiacjoe_overflow_surrounded_room, serial_bayou,
          serial_bayou_pond_a, serial_bayou_pond_a, serial_bayou_lake_a,
          serial_bayou_pond_a, uniq_maggie
D:9:      layout_long_grid, mainiacjoe_overflow_concentric_impassable,
          david_orc_3

Skill      XL: |  1  2  3  4  5  6  7  8  9 10 |
---------------+-------------------------------+-----
Evocations     | 1 2 3 4 6 |  6.2
Polearms       | 5 6 7 9 10 12 | 12.7
Dodging        | 3 4 5 6 |  6.4
Stealth        | 1 2 3 |  3.8
Fighting       | 4 5 7 |  7.3
Armour         | 2 3 4 |  4.4
Shields        | |  0.2

Action                   |  1- 3 |  4- 6 |  7- 9 | 10-12 || total
-------------------------+-------+-------+-------+-------++-------
Melee: Spear             |    89 |   189 |   455 |    48 ||   781
       Punch             |     3 |     3 |     5 |       ||    11
       Tailslap          |       |       |     4 |       ||     4
Invok: Berserk           |     1 |     5 |     8 |     3 ||    17
       Trog's Hand       |       |     2 |       |     1 ||     3
Evoke: Wand              |       |       |     9 |     1 ||    10
  Use: Scroll            |     4 |     6 |     5 |     1 ||    16
       Potion            |       |     1 |       |       ||     1
 Stab: Sleeping          |     5 |     4 |       |       ||     9
Armor: Animal skin       |    10 |    39 |    14 |       ||    63
       Scale mail        |       |       |    56 |    14 ||    70
Dodge: Dodged            |    42 |   123 |   169 |    29 ||   363
Block: Buckler           |       |       |     4 |     5 ||     9
